 Dungeon Crawl Stone Soup version 0.31-a0-193-gdfe2569204 (webtiles) character file.

Game seed: 11738675089698876783

91 qw the Shooter (level 4, -6/25 HPs)
             Began as a Deep Elf Hunter on June 24, 2023.
             Mangled by an orc
             ... wielding a +0 morningstar
              (10 damage)
             ... on level 4 of the Dungeon.
             The game lasted 00:00:45 (1705 turns).

qw the Shooter (Deep Elf Hunter)                    Turns: 1705, Time: 00:00:46

Health: -6/25      AC:  8    Str: 10    XL:     4   Next: 33%
Magic:  6/6        EV:  9    Int: 14    God:
Gold:   119        SH:  0    Dex: 18    Spells: 3/3 levels left

rFire   . . .        Y - +1 shortbow
rCold   + . .        (shield currently unavailable)
rNeg    . . .        g - +0 scale mail
rPois   .            (no helmet)
rElec   .            (no cloak)
rCorr   .            i - +0 pair of gloves
SInv    .            k - +0 pair of boots
Will    .....        (no amulet)
Stlth   +            j - ring of protection from cold
HPRegen 0.24/turn    (no ring)
MPRegen 0.10/turn

%: no passive effects
@: no status effects
A: no striking features
a: no special abilities


You were on level 4 of the Dungeon.
You visited 1 branch of the dungeon, and saw 4 of its levels.

You collected 119 gold pieces.


   Skills:
 - Level 1.5 Fighting
 + Level 7.7 Ranged Weapons
 - Level 2.4 Dodging
 - Level 1.2 Stealth


You had 3 spell levels left.
You didn't know any spells.
Your spell library was empty.

Inventory:

Hand Weapons
 Y - a +1 shortbow (weapon)
Armour
 g - a +0 scale mail (worn)
 i - a +0 pair of gloves (worn)
 k - a +0 pair of boots (worn)
Jewellery
 j - a ring of protection from cold (left hand)
Scrolls
 b - a scroll of identify
Potions
 a - a potion of curing {unknown}
 e - a potion of heal wounds {unknown}
 f - a potion of haste {unknown}
 h - a potion of ambrosia {unknown}

Dungeon Overview and Level Annotations

Branches:
Dungeon (4/15)
 Temple: D:4-7

Altars:

Shops:
D:1 (


Message History

The giant cockroach bites you but does no damage.
You shoot an arrow. The arrow hits the giant cockroach.
You kill the giant cockroach!
Something hits you but does no damage. The orc hits you with a +0 morningstar!
You hear some strange, mumbled words.
Something tries to affect you, but you resist.
You shoot an arrow. The arrow hits the orc.
The orc is heavily wounded.
The orc hits you with a +0 morningstar. Something hits you.
You shoot an arrow. The arrow barely misses the orc.
The orc completely misses you. Something hits you but does no damage.
You shoot an arrow. The arrow barely misses the orc.
Something hits you but does no damage. The orc hits you with a +0 morningstar.
You shoot an arrow.
The arrow hits the orc but does no damage.
The orc is heavily wounded.
The orc completely misses you.
Something hits you but does no damage. x2
The orc barely misses you.
You shoot an arrow. The arrow closely misses the orc.
The orc hits you with a +0 morningstar. Something hits you.
You shoot an arrow.
The arrow hits the orc but does no damage.
The orc is heavily wounded.
The orc hits you but does no damage. Something hits you but does no damage.
You shoot an arrow.
The arrow hits the orc but does no damage.
The orc is moderately wounded.
The orc barely misses you. Something hits you but does no damage.
The orc hits you with a +0 morningstar. Something hits you but does no damage.
You shoot an arrow. The arrow hits the orc.
The orc is severely wounded.
The orc hits you with a +0 morningstar.
You hear some strange, mumbled words.
A puff of flame appears from out of thin air!
The puff of flame hits you.
You shoot an arrow.
The arrow hits the orc but does no damage.
The orc is severely wounded.
The orc hits you with a +0 morningstar!
You die...

##.. .. #..# .# #
......#.# #
#..#.... #
......#.# #
#.>.....# #
#{o.....# # #@# #
#.# # #.# ########
#.# #......<
#.#########.......
#..............##.
###########.##....
#....... #.#####.


You could see an orc.

Vanquished Creatures
  A gnoll (D:1)
  An adder (D:2)
  A worm (D:2)
  A dart slug (D:3)
  3 orcs
  6 bats
  5 endoplasms
  2 giant cockroaches
  A goblin (D:1)
  6 hobgoblins
  10 jackals
  3 quokkas
  5 ball pythons
  A frilled lizard (D:1)
  5 kobolds
  6 rats (D:1)
57 creatures vanquished.

Notes
Turn   | Place    | Note
-------+----------+-------------------------------------------
     0 | D:1      | qw the Deep Elf Hunter began the quest for the Orb.
     0 | D:1      | Reached XP level 1. HP: 12/12 MP: 3/3
     0 | D:1      | 0 ||| qw: Version: 0.3-a-9-g12657ce
     0 | D:1      | 0 ||| qw: Game counter: 4648
     0 | D:1      | 0 ||| qw: Always use a shield: true
     0 | D:1      | 0 ||| qw: God list: Okawaru
     0 | D:1      | 0 ||| qw: Allow faded altars: false
     0 | D:1      | 0 ||| qw: Do Orc after D:15 true
     0 | D:1      | 0 ||| qw: Do second Lair branch before Depths: true
     0 | D:1      | 0 ||| qw: Lair rune preference: random
     0 | D:1      | 0 ||| qw: Plans: Normal
     0 | D:1      | 0 ||| PLANNING D:1-11
    94 | D:1      | Reached skill level 6 in Ranged Weapons
    94 | D:1      | Reached XP level 2. HP: 16/16 MP: 4/4
   238 | D:1      | HP: 3/16 [gnoll/+0 flail (5)]
   241 | D:1      | Reached XP level 3. HP: 5/20 MP: 5/5
   243 | D:1      | HP: 5/20 [quokka (1)]
   243 | D:1      | HP: 2/20 [quokka (3)]
   337 | D:1      | Found Qow Syemusm's Weapon Boutique.
   488 | D:1      | 488 ||| READING scroll labelled GUUKKOCUOSS.
   489 | D:1      | 489 ||| READING scroll labelled AJOSENOM EDUT.
   590 | D:1      | 590 ||| READING scroll labelled VIPEISTR QELED.
   595 | D:1      | 595 ||| READING scroll labelled KEZINOTACW.
   596 | D:1      | 596 ||| DROPPING scroll of butterflies.
   638 | D:2      | Reached skill level 7 in Ranged Weapons
   846 | D:2      | Reached XP level 4. HP: 25/25 MP: 6/6
   986 | D:2      | 986 ||| READING scroll labelled USA FOMEMIDOFIOS.
   987 | D:2      | 987 ||| READING scroll labelled LENOMNUWAO.
   988 | D:2      | 988 ||| DRINKING 2 pink potions.
   989 | D:2      | 989 ||| DROPPING potion of brilliance.
  1592 | D:3      | 1592 ||| UPGRADING to +0 scale mail.
  1602 | D:3      | 1602 ||| DROPPING +0 leather armour.
  1603 | D:3      | 1603 ||| UPGRADING to +0 pair of gloves.
  1608 | D:3      | 1608 ||| UPGRADING to +0 pair of boots.
  1613 | D:3      | 1613 ||| UPGRADING to ring of protection from cold.
  1614 | D:3      | 1614 ||| READING 2 scrolls labelled BOGGIMAWYN.
  1615 | D:3      | 1615 ||| READING scroll labelled ROYLOO EXKEEV.
  1703 | D:4      | HP: 6/25 [orc/+0 morningstar (3)]
  1705 | D:4      | Mangled by an orc

Levels and vault maps discovered:
D:1:      scummos_arrival_checkerplants, layout_rooms, serial_shops,
          nicolae_shop_tiny_waterfront, st_stairs_3
D:2:      layout_rooms
D:3:      layout_basic, fountainhead, lemuel_flame_loot_1
D:4:      layout_loops_cross, kiku_gazebo_pond_becter, uniq_duvessa,
          uniq_eustachio, uniq_blork_the_orc, uniq_pikel

Skill      XL: |  1  2  3 |
---------------+----------+-----
Ranged Weapons | 6 7 |  7.7
Fighting       | |  1.5
Dodging        | |  2.4
Stealth        | |  1.2

Action                     |  1- 3 |  4- 6 || total
---------------------------+-------+-------++-------
   Fire: Shortbow          |   104 |    53 ||   157
    Use: Scroll            |     4 |     4 ||     8
         Potion            |       |     1 ||     1
 Armour: Leather armour    |    12 |     3 ||    15
         Scale mail        |       |    18 ||    18
  Dodge: Dodged            |    25 |    27 ||    52

Table legend:
 A = Non-vault XP
 B = Vault XP
 C = Vault XP percentage of total XP
 D = Non-vault monster count
 E = Vault monster count
 F = Vault count percentage of total count
                 A         B        C        D         E       F
            +---------+---------+-------+---------+---------+-------
      Total |     126 |       4 |   3.1 |      55 |       2 |   3.5
            +---------+---------+-------+---------+---------+-------
        D:1 |      58 |       4 |   6.5 |      28 |       2 |   6.7
        D:2 |      39 |       0 |   0.0 |      14 |       0 |   0.0
        D:3 |      19 |       0 |   0.0 |       9 |       0 |   0.0
        D:4 |      10 |       0 |   0.0 |       4 |       0 |   0.0
            +---------+---------+-------+---------+---------+-------
